 Dungeon Crawl Stone Soup version 0.29.1-debian-1-gc3f1650bb9 (webtiles) character file.

Game seed: 4020328984724849542

10796 hquester1 the Protected (level 11, -10/92 (97) HPs)
             Began as a Minotaur Fighter on Sept 12, 2022.
             Was a High Priest of Okawaru.
             Mangled by a small abomination (12 damage)
             ... on level 2 of the Abyss.
             The game lasted 00:40:17 (12695 turns).

hquester1 the Protected (Minotaur Fighter)         Turns: 12695, Time: 00:40:17

HP:   -10/92 (97)   AC: 23    Str: 28    XL:     11   Next: 40%
MP:   11/11         EV: 10    Int: 11    God:    Okawaru [*****.]
Gold: 533           SH:  6    Dex: 13    Spells: 10/10 levels left

rFire   . . .      SeeInvis +   H - +2 flail (protect)
rCold   . . .      Faith    +   c - +0 buckler
rNeg    . . .      Spirit   .   r - +0 plate armour
rPois   .          Reflect  .   J - +2 hat
rElec   .          Harm     .   u - +0 cloak
rCorr   .          Rampage  +   s - +0 pair of gloves
Will    .....                   G - +2 pair of boots {rampage}
Stlth   ..........              m - amulet of faith
HPRegen 0.25/turn               i - ring of see invisible
MPRegen 0.12/turn               l - ring "Godgheikk" {Str+6 Int+6}

@: studying 2 skills, drained
A: horns 2, retaliatory headbutt
a: Renounce Religion, Heroism, Finesse, Duel


You were on level 2 of the Abyss.
You worshipped Okawaru.
Okawaru was extremely pleased with you.
You visited 1 branch of the dungeon, and saw 10 of its levels.
You visited the Abyss 1 time.
You also visited: Bailey.

You collected 533 gold pieces.

Inventory:

Hand Weapons
 a - a +0 war axe
 t - the +5 hammer of Tonups {venom, Int+3}
   (You found it on level 2 of the Dungeon)

   It poisons the flesh of those it strikes.
   Int:       It affects your intelligence (+3).
 y - a +6 halberd
 H - a +2 flail of protection (weapon)
 I - a +5 morningstar
Missiles
 E - a throwing net (quivered)
Armour
 c - a +0 buckler (worn)
 r - a +0 plate armour (worn)
 s - a +0 pair of gloves (worn)
 u - a +0 cloak (worn)
 G - a +2 pair of boots of rampaging (worn)
 J - a +2 hat (worn)
Jewellery
 i - a ring of see invisible (left hand)
 l - the ring "Godgheikk" (right hand) {Str+6 Int+6}
   (You found it on level 8 of the Dungeon)

   [ring of strength]

   Str:       It affects your strength (+6).
   Int:       It affects your intelligence (+6).
 m - an amulet of faith (around neck)
Wands
 g - a wand of quicksilver (4)
 o - a wand of flame (63)
 D - a wand of roots (8)
Scrolls
 e - 3 scrolls of blinking
 h - 9 scrolls of teleportation
 j - 5 scrolls of fog
 k - a scroll of poison
 v - 3 scrolls of noise
 w - 3 scrolls of fear {unknown}
 B - a scroll of enchant weapon {unknown}
Potions
 b - 2 potions of lignification {unknown}
 d - 2 potions of might
 f - 3 potions of flight
 n - 3 potions of brilliance
 p - 5 potions of curing
 q - 2 potions of heal wounds {unknown}
 x - a potion of degeneration {unknown}
 z - 3 potions of magic
 A - a potion of haste {unknown}
 C - a potion of attraction {unknown}
 F - 2 potions of ambrosia {unknown}


   Skills:
 + Level 9.2 Fighting
 + Level 8.8(9.1) Axes
 + Level 3.3(6.5) Maces & Flails
 + Level 3.6 Throwing
 + Level 10.8 Armour
 + Level 7.7 Dodging
 + Level 6.3 Stealth
 + Level 9.2 Shields
 + Level 2.3 Invocations
 + Level 2.1 Evocations


You had 10 spell levels left.
You didn't know any spells.
Your spell library contained the following spells:

 Spells                   Type           Power      Damage    Failure   Level
 Beastly Appendage        Tmut           0%         N/A       98%         1
 Wereblood                Tmut           0%         N/A       99%         2
 Ignite Poison            Fire/Tmut/Pois 0%         N/A       100%        3
 Spider Form              Tmut/Pois      0%         N/A       100%        3
 Passage of Golubria      Tloc           0%         N/A       100%        4
 Sticky Flame             Conj/Fire      0%         2d3       100%        4
 Silence                  Hex/Air        0%         N/A       100%        5
 Yara's Violent Unravell  Hex/Tmut       0%         3d3       100%        5
 Lehudib's Crystal Spear  Conj/Erth      0%         10d2      100%        8
 Tukima's Dance           Hex            Unusable   N/A       N/A         3

Dungeon Overview and Level Annotations

Branches:
Dungeon (10/15)            Temple (0/1) D:4            Lair (0/5) D:9
 Bailey (visited)
    Orc: D:9-12

Altars:
Cheibriados
Elyvilon
Makhleb
Okawaru
Ru
Trog
Wu Jian
The Shining One

Shops:
D:5 !   D:9 *

Annotations:
D:4 2 transporters
D:5 1 runed translucent door, osoart's ghost, novice SpHu
D:10 Erolcha


Innate Abilities, Weirdness & Mutations

You have a pair of horns on your head.
You reflexively headbutt those who attack you in melee.


Message History

You feel stronger.
A starcursed mass splits.
A chorus of shrieks assaults your mind.
A starcursed mass splits.
You feel yourself slow down.
A starcursed mass splits.
A starcursed mass splits.
The small abomination hits you!
The small abomination attacks as you move away!
The small abomination completely misses you.
A chorus of shrieks assaults your mind. The small abomination misses you.
A starcursed mass comes into view.
The starcursed mass shrieks in your mind.
The small abomination attacks as you move away!
The small abomination hits you but does no damage.
The small abomination closely misses you.
You furiously retaliate!
You headbutt the small abomination.
The small abomination attacks as you move away!
You block the small abomination's attack.
The starcursed mass shrieks in your mind.
A starcursed mass splits.
The small abomination misses you.
A starcursed mass splits. x2
The small abomination attacks as you move away!
The small abomination closely misses you.
You furiously retaliate!
You headbutt the small abomination! A chorus of shrieks assaults your mind.
* * * LOW HITPOINT WARNING * * *
The small abomination hits you!
* * * LOW HITPOINT WARNING * * *
A starcursed mass splits.
You barely miss the small abomination. You headbutt the small abomination!
You destroy the small abomination!
Okawaru accepts your kill.
A starcursed mass splits.
A chorus of shrieks assaults your mind.
* * * LOW HITPOINT WARNING * * *
The small abomination attacks as you move away!
The small abomination hits you but does no damage.
The small abomination hits you!
You die...

# ##. # ..# ##.#
#.#...# ###@# #.x##
####.## #. #.#...#
######... #.X#..#
##.# #.# # # .####
#.#.#.# #.#X...#
#.....#X#######.X###
X# #X ..#.#.X.## ..
#X...##..###.# .#.#


You could see a small abomination.

Vanquished Creatures
  A centaur warrior (D:9)
  Pikel (D:4)
  Joseph (D:10)
  A komodo dragon (D:9)
  A troll (D:7)
  2 hornets
  Sigmund (D:3)
  A wraith (D:8)
  A shadow (D:5)
  A vampire (D:9)
  2 wyverns
  10 yaks
  Grum (D:8)
  A chaos spawn (Abyss:2)
  2 small abominations (Abyss:2)
  An acid dragon (D:8)
  4 water moccasins
  7 orc warriors
  5 black bears
  4 sky beasts
  3 ogres
  2 wolves (D:8)
  3 centaurs
  2 lemures (D:4)
  3 phantoms
  The ghost of gregwegmann the Cudgeller, an amateur GrFi (D:3)
  5 kobold brigands (Bailey)
  2 bullfrogs
  3 necrophages
  A gnoll sergeant (D:5)
  4 scorpions
  9 wights (D:9)
  5 killer bees (D:9)
  3 howler monkeys
  2 hounds (D:5)
  Crazy Yiuf (D:2)
  6 orc priests
  6 orc wizards
  Ijyb (D:5)
  7 iguanas
  Terence (D:3)
  Robin (D:2)
  15 gnolls
  12 adders
  2 white imps
  A worm (D:3)
  4 dart slugs
  30 orcs
  14 ball pythons
  6 bats
  8 endoplasms
  4 giant cockroaches
  10 hobgoblins
  7 jackals
  5 quokkas
  4 frilled lizards
  21 goblins
  16 kobolds
  4 rats
282 creatures vanquished.

Vanquished Creatures (others)
  41 fungi
  72 plants
113 creatures vanquished.

Grand Total: 395 creatures vanquished

Notes
Turn   | Place    | Note
-------+----------+-------------------------------------------
     0 | D:1      | hquester1 the Minotaur Fighter began the quest for the Orb.
     0 | D:1      | Reached XP level 1. HP: 19/19 MP: 0/0
   162 | D:1      | Reached XP level 2. HP: 25/27 MP: 1/1
   395 | D:1      | Reached skill level 4 in Armour
   719 | D:1      | Reached XP level 3. HP: 29/33 MP: 2/2
   820 | D:1      | Reached skill level 1 in Dodging
  1235 | D:2      | Found a burning altar of Makhleb.
  1299 | D:2      | Noticed Robin
  1306 | D:2      | Killed Robin
  1307 | D:2      | Reached skill level 1 in Stealth
  1307 | D:2      | Reached XP level 4. HP: 28/40 MP: 3/3
  2001 | D:2      | Reached XP level 5. HP: 47/47 MP: 4/4
  2368 | D:2      | Identified the +5 hammer of Tonups {venom, Int+3}
  2373 | D:2      | Found a runed translucent door.
  2374 | D:2      | Noticed Crazy Yiuf
  2381 | D:2      | Killed Crazy Yiuf
  2848 | D:3      | Noticed Terence
  2854 | D:3      | Killed Terence
  2881 | D:3      | Found a faded altar of an unknown god.
  3000 | D:3      | Reached XP level 6. HP: 55/55 MP: 5/5
  3055 | D:3      | Found a sacrificial altar of Ru.
  3057 | D:3      | Noticed Sigmund
  3065 | D:3      | Killed Sigmund
  3066 | D:3      | Reached skill level 5 in Fighting
  3066 | D:3      | Reached skill level 5 in Armour
  3298 | D:3      | Noticed gregwegmann's ghost (amateur GrFi)
  3303 | D:3      | Identified the +5 great mace of Holoky Todgh {flame, +Blink
                  | rElec Str-5}
  3473 | D:3      | Found a transporter.
  3480 | D:3      | Found a transporter.
  3586 | D:3      | Found a bloodstained altar of Trog.
  3587 | D:3      | Found an iron altar of Okawaru.
  3598 | D:3      | Became a worshipper of Warmaster Okawaru
  3752 | D:4      | Found a transporter.
  3770 | D:4      | Reached skill level 5 in Shields
  3770 | D:4      | Reached XP level 7. HP: 38/61 MP: 6/6
  4140 | D:4      | Found a staircase to the Ecumenical Temple.
  4142 | D:4      | Reached * piety under Okawaru
  4339 | D:4      | Found a transporter.
  4475 | D:4      | Noticed Pikel
  4485 | D:4      | Killed Pikel
  4486 | D:4      | Reached skill level 5 in Axes
  4486 | D:4      | Reached skill level 6 in Armour
  4486 | D:4      | Reached XP level 8. HP: 51/70 MP: 7/7
  4754 | D:5      | Entered Level 5 of the Dungeon
  4777 | D:5      | Reached ** piety under Okawaru
  4850 | D:5      | Found a runed translucent door.
  4851 | D:5      | Noticed osoart's ghost (novice SpHu)
  5402 | D:5      | Reached skill level 5 in Dodging
  5406 | D:5      | Reached *** piety under Okawaru
  5414 | D:5      | Reached XP level 9. HP: 15/78 MP: 8/8
  5724 | D:5      | Reached skill level 7 in Armour
  6180 | D:5      | Found Cich's Distillery.
  6292 | D:5      | Noticed Ijyb
  6309 | D:5      | Killed Ijyb
  6619 | D:3      | Killed gregwegmann's ghost
  7191 | D:6      | Found a snail-covered altar of Cheibriados.
  7206 | D:6      | Reached **** piety under Okawaru
  7239 | D:6      | Found an ornate altar of the Wu Jian Council.
  7564 | D:6      | Identified a scroll of acquirement
  7564 | D:6      | Acquired a manual of Armour
  7782 | D:7      | Reached skill level 8 in Armour
  7786 | D:7      | Reached skill level 5 in Stealth
  8077 | D:7      | Reached ***** piety under Okawaru
  8084 | D:7      | Reached XP level 10. HP: 85/88 MP: 9/9
  8664 | D:8      | Reached skill level 9 in Armour
  8733 | D:8      | Found a flagged portal.
  8749 | Bailey   | Entered a bailey
  8884 | Bailey   | Identified the +2 long sword of Dissolution {distort,
                  | Str+4}
  9191 | Bailey   | Found a bloodstained altar of Trog.
  9472 | D:8      | Noticed Grum
  9486 | D:8      | Killed Grum
  9650 | D:8      | Identified the ring "Godgheikk" {Str+6 Int+6}
  9801 | D:8      | Reached skill level 1 in Maces & Flails
 10300 | D:9      | Reached skill level 1 in Throwing
 10332 | D:9      | Reached skill level 10 in Armour
 10353 | D:9      | Identified the -1 buckler of Untruth {*Corrode rC+ Stlth+}
                  | (Okawaru gifted it to you on level 9 of the Dungeon)
 10353 | D:9      | Received a gift from Okawaru
 10359 | D:9      | Reached skill level 1 in Invocations
 10362 | D:9      | Reached skill level 1 in Evocations
 10455 | D:9      | Found a staircase to the Lair.
 10907 | D:9      | Reached XP level 11. HP: 82/95 MP: 11/11
 11034 | D:9      | Found a glowing golden altar of the Shining One.
 11087 | D:9      | Found Geso's Demolitions Depot.
 11320 | D:9      | Noticed a centaur warrior
 11341 | D:9      | Killed a centaur warrior
 11341 | D:9      | Reached ****** piety under Okawaru
 11812 | D:9      | Found a white marble altar of Elyvilon.
 12027 | D:10     | Entered Level 10 of the Dungeon
 12432 | D:10     | Noticed Joseph
 12434 | D:10     | Noticed Erolcha
 12444 | D:10     | Killed Joseph
 12470 | Abyss:2  | Cast into level 2 of the Abyss (Erolcha)
 12516 | Abyss:2  | Noticed a thrashing horror
 12602 | Abyss:2  | Noticed a tentacled starspawn
 12623 | Abyss:2  | Noticed a starcursed mass
 12626 | Abyss:2  | Noticed a large abomination
 12669 | Abyss:2  | Noticed a starcursed mass
 12684 | Abyss:2  | Noticed a starcursed mass
 12691 | Abyss:2  | HP: 1/92 [starcursed mass/accursed screaming (9)]
 12695 | Abyss:2  | Mangled by a small abomination

Illustrated notes

Levels and vault maps discovered:
D:1:      dpeg_arrival_round_c, layout_basic
D:2:      layout_basic, basic_altar, st_stairs_7,
          hangedman_abyss_or_decor_stabs, serial_bayou_lagoon_a,
          uniq_crazy_yiuf_cottage, uniq_robin
D:3:      layout_loops_ring, grunt_temple_overflow_bloody_war,
          mainiacjoe_overflow_boulevard, nicolae_ecumenical_snake_handling,
          gammafunk_ghost_smash, uniq_terence, uniq_sigmund
D:4:      gammafunk_steamed_eel, layout_basic, temple_fountains,
          kennysheep_generic_room_11, uniq_pikel
D:5:      cheibrodos_barr_body, layout_basic, ebering_ghost_inner_flame,
          serial_shops, kennysheep_mini_moat, uniq_ijyb
D:6:      layout_rooms, mainiacjoe_overflow_large_starburst, st_stairs_7,
          minmay_misc_feat_columns
D:7:      layout_basic, amcnicky_mini_corridor_feature
D:8:      layout_basic, enter_bailey_3, uniq_grum
D:9:      layout_long_grid, tso_oasis_becter, lemuel_round_altar,
          due_lair_maze_entry_diamond, nicolae_blasting_shop
D:10:     layout_loops_ring, uniq_maurice, uniq_sonja, uniq_erolcha, uniq_joseph
Abyss:2:  base: D:5, guppyfry_abyss_exit_glass_guarded,
          hangedman_abyss_or_decor_passed, evilmike_abyss_exit_5, minivault_24,
          minivault_24, hangedman_decor_points

Skill      XL: |  1  2  3  4  5  6  7  8  9 10 11 |
---------------+----------------------------------+-----
Armour         | 4 5 6 8 10 | 10.8
Fighting       | 4 5 6 8 9 |  9.2
Dodging        | 1 2 3 4 5 6 7 |  7.7
Axes           | 3 4 5 6 7 8 |  8.8
Shields        | 4 5 6 7 8 9 |  9.2
Stealth        | 1 2 3 4 5 6 |  6.3
Maces & Flails | 2 3 |  3.3
Throwing       | 2 3 |  3.6
Invocations    | 1 2 |  2.3
Evocations     | 1 2 |  2.1

Action                   |  1- 3 |  4- 6 |  7- 9 | 10-12 || total
-------------------------+-------+-------+-------+-------++-------
Melee: War axe           |    70 |    63 |       |       ||   133
       Headbutt          |     9 |    24 |    65 |    89 ||   187
       Mace              |    19 |    67 |   204 |       ||   290
       Flail             |       |       |    99 |   370 ||   469
Invok: Heroism           |       |       |       |     1 ||     1
  Use: Scroll            |       |       |    12 |     3 ||    15
       Potion            |       |       |       |     4 ||     4
Armor: Scale mail        |    46 |    38 |       |       ||    84
       Chain mail        |       |    23 |   145 |    73 ||   241
       Plate armour      |       |       |       |   199 ||   199
Dodge: Dodged            |    44 |    49 |   117 |   235 ||   445
Block: Buckler           |    24 |    28 |    56 |   136 ||   244
